 Dungeon Crawl Stone Soup version 0.21-a0-507-ga8f6b7a (webtiles) character file.

1313 Cricketeer the Skirmisher (level 8, -1/73 HPs)
             Began as a Minotaur Berserker on Nov 27, 2017.
             Was an Elder of Trog.
             Slain by a killer bee (5 damage)
             ... on level 7 of the Dungeon.
             The game lasted 00:10:30 (5157 turns).

Cricketeer the Skirmisher (Minotaur Berserker)      Turns: 5157, Time: 00:10:31

Health: -1/73      AC: 10    Str: 25    XL:     8   Next: 32%
Magic:  7/7        EV:  5    Int:  4    God:    Trog [****..]
Gold:   213        SH: 12    Dex:  9    Spells: 7/7 levels left

rFire    . . .     SeeInvis .   G - +1 falchion (elec)
rCold    . . .     Gourm    .   y - +0 large shield
rNeg     . . .     Faith    .   o - +0 chain mail {MR+}
rPois    .         Spirit   .   (helmet restricted)
rElec    .         Reflect  .   (no cloak)
rCorr    .         Harm     .   (no gloves)
MR       +....                  (no boots)
Stlth    ..........             (no amulet)
HPRegen  0.22/turn              (no ring)
MPRegen  0.10/turn              (no ring)

@: no status effects
A: retaliatory headbutt, horns 2
a: Berserk, Trog's Hand, Brothers in Arms, Burn Spellbooks, Renounce Religion


You were on level 7 of the Dungeon.
You worshipped Trog.
Trog was greatly pleased with you.
You were not hungry.

You visited 1 branch of the dungeon, and saw 7 of its levels.

You collected 213 gold pieces.

Inventory:

Hand Weapons
 a - a +0 hand axe
 G - a +1 falchion of electrocution (weapon)
Armour
 b - a +0 animal skin
 o - a +0 chain mail of magic resistance (worn)
 y - a +0 large shield (worn)
Jewellery
 u - an uncursed ring of resist corrosion {unknown}
 w - a cursed -2 ring of dexterity {unknown}
 A - an uncursed ring of magical power {unknown}
 C - an uncursed ring of fire {unknown}
Scrolls
 e - 4 scrolls of teleportation {unknown}
 g - 6 scrolls of remove curse {unknown}
 i - 6 scrolls of identify {unknown}
 k - a scroll of enchant armour {unknown}
 l - a scroll of fog {unknown}
 n - 4 scrolls of enchant weapon {unknown}
 t - a scroll of fear {unknown}
 v - a scroll of immolation {unknown}
Potions
 d - 2 potions of cancellation {unknown}
 h - a potion of mutation {unknown}
 j - 2 potions of degeneration {unknown}
 m - 2 potions of might {unknown}
 p - a potion of agility {unknown}
 q - a potion of ambrosia {unknown}
 s - a potion of berserk rage {unknown}
 x - a potion of brilliance {unknown}
 z - 2 potions of flight {unknown}
 D - a potion of lignification {unknown}
 E - 2 potions of curing {unknown}
 F - 2 potions of heal wounds {unknown}
Comestibles
 c - 5 bread rations
 f - 6 meat rations
 r - 4 royal jellies


   Skills:
 + Level 7.1 Fighting
 * Level 0.4 Long Blades
 - Level 7.0 Axes
 + Level 6.4 Armour
 + Level 5.9 Dodging


You had 7 spell levels left.
You didn't know any spells.

Dungeon Overview and Level Annotations

Branches:
Dungeon (6/15)             Temple (0/1) D:4

Altars:
Cheibriados
Qazlal
Trog

Shops:
D:5 [


Innate Abilities, Weirdness & Mutations

You reflexively headbutt those who attack you in melee.
You have a pair of horns on your head.


Message History

The killer bee stings you but does no damage.
The killer bee barely misses you. You furiously retaliate!
You headbutt the killer bee, but do no damage.
You block the killer bee's attack. You block the killer bee's attack.
The killer bee barely misses you.
You riposte.
You closely miss the killer bee.
The killer bee is heavily wounded.
You block the killer bee's attack.
The killer bee stings you but does no damage.
The killer bee barely misses you. You block the killer bee's attack. x3
The killer bee stings you but does no damage.
You block the killer bee's attack.
The killer bee stings you but does no damage.
The killer bee stings you but does no damage.
You block the killer bee's attack. The killer bee stings you.
* * * LOW HITPOINT WARNING * * *
The killer bee stings you but does no damage.
The killer bee stings you.
You die...

###########
#.........#
#>.....(..#
########.@y......#
........yyyy.....#
########.y.O.....##
#..........#
#............
#............
#..........##
##.##.#.#.##
%.##.#...#


You could see an ogre and 6 killer bees.

Vanquished Creatures
  A phantom (D:5)
  2 sky beasts
  3 ogres
  Blork the orc (D:5)
  A scorpion (D:6)
  A howler monkey (D:6)
  A crimson imp (D:6)
  A centaur skeleton (D:6)
  3 hounds
  2 orc priests (D:3)
  2 orc wizards (D:3)
  4 worker ants
  A hound zombie (D:6)
  A hound skeleton (D:4)
  8 gnolls (D:4)
  4 adders
  A shadow imp (D:6)
  2 oozes
  5 worms
  3 dart slugs
  3 leopard geckos
  12 orcs
  A ball python (D:4)
  2 giant cockroaches
  10 goblins
  A hobgoblin (D:2)
  12 jackals
  7 kobolds
  5 quokkas
  7 bats
  5 frilled lizards
  2 quokka skeletons
  6 rats
120 creatures vanquished.

Notes
Turn   | Place    | Note
-------+----------+-------------------------------------------
     0 | D:1      | Cricketeer the Minotaur Berserker began the quest for the Orb.
     0 | D:1      | Reached XP level 1. HP: 19/19 MP: 0/0
   186 | D:1      | Reached XP level 2. HP: 27/27 MP: 1/1
   633 | D:1      | Reached ** piety under Trog
   708 | D:2      | Reached XP level 3. HP: 26/33 MP: 2/2
  1348 | D:2      | Found a snail-covered altar of Cheibriados.
  1760 | D:3      | Reached XP level 4. HP: 41/41 MP: 3/3
  1883 | D:3      | Reached *** piety under Trog
  1949 | D:3      | Reached XP level 5. HP: 5/47 MP: 4/4
  2350 | D:3      | Reached skill level 5 in Fighting
  2350 | D:3      | Reached skill level 5 in Axes
  2713 | D:4      | Reached XP level 6. HP: 56/56 MP: 5/5
  3224 | D:4      | Found a staircase to the Ecumenical Temple.
  3299 | D:4      | Reached XP level 7. HP: 39/62 MP: 6/6
  3306 | D:4      | Reached **** piety under Trog
  3306 | D:4      | Reached skill level 5 in Armour
  3753 | D:5      | Entered Level 5 of the Dungeon
  4040 | D:5      | Noticed Blork the orc
  4055 | D:5      | Killed Blork the orc
  4055 | D:5      | Reached skill level 5 in Dodging
  4137 | D:5      | Found a stormy altar of Qazlal.
  4153 | D:5      | Found Ucvoiczu's Antique Armour Boutique.
  4509 | D:6      | Reached XP level 8. HP: 65/71 MP: 7/7
  4806 | D:6      | Found a bloodstained altar of Trog.
  5135 | D:6      | You fall through a shaft!
  5157 | D:7      | Slain by a killer bee

Vault maps used:
D:1:      dpeg_arrival_tiny_b
D:2:      nicolae_overflow_crystal_walls
D:3:      kennysheep_six_static_rooms, wad_floor_pattern_untrapped
D:4:      minmay_temple_entry_crystal_x, first_bread
D:5:      cheibrodos_iron_armory, nicolae_qazlal_general_emergency,
          serial_shops, shop_fountains, uniq_blork_the_orc
D:6:      bloody_trog
D:7:      nicolae_ossuary_entry_catacombs, the_bakery

Skill      XL: |  1  2  3  4  5  6  7  8 |
---------------+-------------------------+-----
Fighting       | 4 5 6 7 |  7.1
Axes           | 4 5 6 7 |  7.0
Armour         | 3 4 5 6 |  6.4
Dodging        | 3 4 5 |  5.9
Long Blades    | |  0.4

Action                   |  1- 3 |  4- 6 |  7- 9 || total
-------------------------+-------+-------+-------++-------
Melee: Hand axe          |    82 |   145 |   135 ||   362
       Headbutt          |    18 |    26 |    32 ||    76
       Falchion          |       |       |    13 ||    13
Invok: Berserk           |       |     2 |     1 ||     3
 Stab: Sleeping          |     2 |       |       ||     2
  Eat: Chunk             |     2 |     8 |     7 ||    17
Armor: Animal skin       |    22 |       |       ||    22
       Chain mail        |     2 |    66 |    77 ||   145
Dodge: Dodged            |    69 |    55 |    35 ||   159
Block: Large shield      |       |    29 |   111 ||   140
       Rpst.: Falchion   |       |       |     5 ||     5

Table legend:
 A = Spawn XP
 B = Non-spawn XP
 C = Spawn XP percentage of total XP
 D = Spawn monster count
 E = Non-spawn monster count
 F = Spawn count percentage of total count
 G = Total turns spent on level
                    A         B        C        D         E        F      G
               +---------+---------+-------+---------+---------+-------+---------
         Total |       0 |    1876 |   0.0 |       0 |     120 |   0.0 |  5157
               +---------+---------+-------+---------+---------+-------+---------
           D:1 |       0 |      35 |   0.0 |       0 |      19 |   0.0 |   685
           D:2 |       0 |      57 |   0.0 |       0 |      24 |   0.0 |   979
           D:3 |       0 |     279 |   0.0 |       0 |      26 |   0.0 |  1009
           D:4 |       0 |     520 |   0.0 |       0 |      22 |   0.0 |  1080
           D:5 |       0 |     527 |   0.0 |       0 |      14 |   0.0 |   748
           D:6 |       0 |     458 |   0.0 |       0 |      15 |   0.0 |   634
               +---------+---------+-------+---------+---------+-------+---------
